 Dungeon Crawl Stone Soup version 0.18.1-48-g4cf74bf (webtiles) character file.

137 Jebus the Poker (level 5, 41/41 HPs)
             Began as a Demonspawn Berserker on Aug 15, 2016.
             Was a Believer of Trog.
             Quit the game on level 3 of the Dungeon.
             The game lasted 00:04:28 (2995 turns).

Jebus the Poker (Demonspawn Berserker)              Turns: 2995, Time: 00:04:29

Health: 41/41      AC:  6    Str: 18    XL:     5   Next: 0%
Magic:  5/5        EV: 11    Int:  8    God:    Trog [**....]
Gold:   152        SH:  0    Dex: 13    Spells: 0 memorised, 4 levels left

rFire  . . .     SeeInvis .     a - +0 spear
rCold  . . .     Gourm    .     k - +0 ring mail
rNeg   . . .     Faith    .     (no shield)
rPois  .         Spirit   .     n - +0 helmet (curse)
rElec  .         Dismiss  .     (no cloak)
rCorr  .         Reflect  .     (no gloves)
SustAt .         Harm     .     (no boots)
MR     .....                    (no amulet)
Stlth  ++........               (no ring)
                                (no ring)

@: not resistant to hostile enchantments, unstealthy
A: claws 1, nightstalker 1
a: Berserk, Trog's Hand, Burn Spellbooks, Renounce Religion


You were on level 3 of the Dungeon.
You worshipped Trog.
Trog was pleased with you.
You were not hungry.

You visited 1 branch of the dungeon, and saw 3 of its levels.

You collected 152 gold pieces.

Inventory:

Hand Weapons
 a - a +0 spear (weapon)
Armour
 k - a +0 ring mail (worn)
 n - a cursed +0 helmet (worn)
Jewellery
 f - a +2 ring of intelligence {unknown}
Scrolls
 e - 3 scrolls of fog {unknown}
 g - 4 scrolls of fear {unknown}
 h - 2 scrolls of teleportation {unknown}
 j - 2 scrolls of identify {unknown}
Potions
 d - 4 potions of curing {unknown}
 i - 2 potions of might {unknown}
 l - a potion of invisibility {unknown}
 m - 3 potions of berserk rage {unknown}
 o - a potion of brilliance {unknown}
 q - a potion of mutation {unknown}
 r - a potion of degeneration {unknown}
Comestibles
 b - a meat ration
 c - 3 bread rations
 p - a beef jerky


   Skills:
 - Level 3.0 Fighting
 + Level 5.2 Polearms
 - Level 1.7 Armour
 - Level 1.7 Dodging


You had 4 spell levels left.
You didn't know any spells.

Dungeon Overview and Level Annotations

Branches:
Dungeon (3/15)

Altars:
Ashenzari


Innate Abilities, Weirdness & Mutations

You have sharp fingernails.
You are slightly more attuned to the shadows.


Message History

The orc closely misses you.
The hobgoblin hits you but does no damage.
You hit the orc.
The orc is almost dead.
The orc closely misses you.
The hobgoblin hits you but does no damage.
You hit the orc.
You kill the orc!
Trog accepts your kill.
You hit the hobgoblin but do no damage. The hobgoblin closely misses you.
You hit the hobgoblin.
You kill the hobgoblin!
Trog accepts your kill.
You have reached level 5!
You feel monstrous as your demonic heritage exerts itself.
Your demonic ancestry asserts itself...
Your fingernails lengthen.
You start resting.
HP restored.
Are you sure you want to abandon this character and quit the game? (Confirm with "yes".)

#############
................#
................#
................#
................#
....?...........#
................#
.....)@)........#
.....†..........#
................####
...................#
...................####
........................
.....................####
.....................#
.................#.###


There were no monsters in sight!

Vanquished Creatures
  A worker ant (D:3)
  2 adders (D:2)
  2 oozes (D:3)
  A worm (D:3)
  3 dart slugs (D:1)
  2 giant geckos
  2 orcs (D:3)
  5 giant cockroaches
  8 goblins
  9 hobgoblins
  6 jackals
  A quokka (D:3)
  8 bats
  6 giant newts
  8 kobolds
  5 rats
69 creatures vanquished.

Notes
Turn   | Place    | Note
--------------------------------------------------------------
     0 | D:1      | Jebus the Demonspawn Berserker began the quest for the Orb.
     0 | D:1      | Reached XP level 1. HP: 18/18 MP: 1/1
    29 | D:1      | Found a shattered altar of Ashenzari.
   118 | D:1      | Reached skill level 3 in Polearms
   286 | D:1      | Gained mutation: You are slightly more attuned to the shadows. [demonic ancestry]
   286 | D:1      | Reached XP level 2. HP: 22/24 MP: 2/2
   831 | D:1      | Reached XP level 3. HP: 27/29 MP: 3/3
  1355 | D:1      | Reached skill level 4 in Polearms
  1601 | D:1      | Reached ** piety under Trog
  2163 | D:2      | Reached XP level 4. HP: 35/35 MP: 4/4
  2523 | D:3      | Reached skill level 5 in Polearms
  2920 | D:3      | Gained mutation: You have sharp fingernails. [demonic ancestry]
  2920 | D:3      | Reached XP level 5. HP: 31/41 MP: 5/5
  2995 | D:3      | Quit the game

Skill      XL: |  1  2  3  4 |
---------------+-------------+-----
Polearms       | 3 4 5 |  5.2
Fighting       | |  3.0
Armour         | |  1.7
Dodging        | |  1.7

Action                   |  1- 3 |  4- 6 || total
-------------------------+-------+-------++-------
Melee: Spear             |   143 |   121 ||   264
Invok: Berserk           |     2 |     1 ||     3
 Stab: Sleeping          |     6 |     5 ||    11
  Eat: Chunk             |     6 |     4 ||    10
Armor: Animal skin       |    10 |       ||    10
       Ring mail         |     9 |    28 ||    37
Dodge: Dodged            |    64 |    75 ||   139
